 Dungeon Crawl Stone Soup version 0.31-a0-200-gbc41564c69 (webtiles) character file.

Game seed: 8882180320669440456

44915 Essalna the Arsonist (level 14, -2/90 HPs)
             Began as a Tengu Fire Elementalist on June 26, 2023.
             Was a High Priest of Vehumet.
             Killed from afar by an acid dragon (20 damage)
             ... with a splash of acid
             ... on level 5 of the Lair of Beasts.
             The game lasted 00:51:54 (20430 turns).

Essalna the Arsonist (Tengu Fire Elementalist)     Turns: 20430, Time: 00:51:55

Health: -2/90      AC: 10    Str:  7    XL:     14   Next: 30%
Magic:  17/38      EV: 14    Int: 24    God:    Vehumet [*****.]
Gold:   1872       SH:  6    Dex: 15    Spells: 9/33 levels left

rFire   . . .        I - staff of conjuration
rCold   . . .        u - +1 buckler
rNeg    . . .        m - +1 ring mail "Acilegox" {Regen+}
rPois   .            (helmet restricted)
rElec   .            r - +2 cloak
rCorr   .            (no gloves)
SInv    .            (boots unavailable)
Will    +....        (no amulet)
Stlth   +            l - ring of magical power
HPRegen 1.15/turn    t - ring of fire
MPRegen 0.26/turn

%: no passive effects
@: flying quickly and evasively, quick
A: beak, talons 3, nimble flight, clever 1, cold resistance 1, heat
vulnerability 1
a: Renounce Religion


You were on level 5 of the Lair of Beasts.
You worshipped Vehumet.
Vehumet was extremely pleased with you.
You visited 4 branches of the dungeon, and saw 17 of its levels.
You also visited: Ossuary and Bailey.

You collected 1937 gold pieces.
You spent 65 gold pieces at shops.

Inventory:

Hand Weapons
 k - the +3 spear of the Swamp {drain, rElec rF- Int+4}
   (You found it on level 3 of the Dungeon)

   Int:       It affects your intelligence (+4).
   rF:        It makes you vulnerable to fire.
   rElec:     It insulates you from electricity.
 C - a +3 dagger of venom
 L - the +10 hand axe of the Beginning {holy, Int+4}
   (You found it on level 3 of the Lair of Beasts)

   Int:       It affects your intelligence (+4).
Armour
 m - the +1 ring mail "Acilegox" (worn) {Regen+}
   (You found it on level 3 of the Dungeon)

   Regen:     It increases your rate of health regeneration.
 r - a +2 cloak (worn)
 u - a +1 buckler (worn)
 B - quicksilver dragon scales {MR}
Magical Staves
 I - a staff of conjuration (weapon)
Jewellery
 h - a ring of protection from cold
 l - a ring of magical power (left hand)
 q - an amulet of guardian spirit
 t - a ring of fire (right hand)
 x - a ring of wizardry
 D - a ring of positive energy
 E - a ring of protection from cold
 H - a +4 ring of protection
 M - a ring of see invisible
 N - a ring of resist corrosion
 P - a ring of magical power
Wands
 p - a wand of flame (31)
 s - a wand of paralysis (5)
 v - a wand of digging (4)
 y - a wand of roots (2)
 O - a wand of polymorph (4)
Scrolls
 a - a scroll of teleportation
 c - 6 scrolls of identify
 f - a scroll of fear {unknown}
 n - 2 scrolls of silence {unknown}
 A - 2 scrolls of fog
 J - 3 scrolls of revelation {unknown}
 K - a scroll of vulnerability {unknown}
 Q - a scroll of enchant armour
Potions
 b - 4 potions of magic
 d - 12 potions of curing
 e - 2 potions of enlightenment
 g - 3 potions of might
 i - 4 potions of heal wounds
 j - 4 potions of attraction
 o - 4 potions of mutation
 w - a potion of berserk rage
 z - 4 potions of haste
 F - a potion of invisibility
 G - 2 potions of brilliance
 R - a potion of lignification


   Skills:
 + Level 11.2 Fighting
 - Level 7.0 Armour
 - Level 7.1 Dodging
 - Level 2.0 Stealth
 - Level 4.0 Shields
 + Level 10.0 Spellcasting
 - Level 12.0 Conjurations
 + Level 12.5 Fire Magic
 + Level 8.1 Ice Magic


You had 9 spell levels left.
You knew the following spells:

 Your Spells              Type           Power      Damage    Failure   Level
a - Foxfire               Conj/Fire      100%       2x1d9     1%          1
b - Scorch                Fire           100%       2d9       1%          2
c - Flame Wave            Conj/Fire      100%       2d21      1%          4
d - Sticky Flame          Conj/Fire      100%       2d11      1%          4
e - Ozocubu's Refrigerat  Ice            25%        4d13      83%         7
f - Starburst             Conj/Fire      51%        6d14      7%          6

Your spell library contained the following spells:

 Spells                   Type           Power      Damage    Failure   Level
 Conjure Ball Lightning   Conj/Air       28%        3x3d8     58%         6
 Magic Dart               Conj           100%       1d8       1%          1
 Momentum Strike          Conj/Tloc      100%       3d10      1%          2
 Hailstorm                Conj/Ice       74%        3d15      1%          3
 Inner Flame              Hex/Fire       58%        N/A       1%          3
 Volatile Blastmotes      Fire/Tloc      100%       2d18      1%          3
 Mephitic Cloud           Conj/Pois/Air  46%        N/A       4%          3
 Fulminant Prism          Conj/Hex       28%        3d14      5%          4
 Iskenderun's Mystic Bla  Conj/Tloc      57%        2d12      5%          4
 Blink                    Tloc           24%        N/A       34%         2
 Call Imp                 Summ           24%        N/A       34%         2
 Lesser Beckoning         Tloc           24%        N/A       34%         2
 Ice Form                 Ice/Tmut       31%        N/A       41%         4
 Olgreb's Toxic Radiance  Pois           12%        N/A       50%         4
 Lee's Rapid Deconstruct  Erth           6%         3d6*      82%         5
 Ignition                 Fire           41%        3d12      89%         8
 Simulacrum               Ice/Necr       15%        N/A       100%        6
 Borgnjor's Revivificati  Necr           6%         N/A       100%        8
 Discord                  Hex            6%         N/A       100%        8
 Necromutation            Tmut/Necr      6%         N/A       100%        8
 Chain Lightning          Conj/Air       28%        3d38      100%        9
 Death's Door             Necr           6%         N/A       100%        9
 Polar Vortex             Ice            25%        N/A       100%        9


Dungeon Overview and Level Annotations

Branches:
Dungeon (9/15)             Temple (1/1) D:5            Lair (4/5) D:9
 Shoals (0/4) Lair:2       Spider (0/4) Lair:2          Orc (2/2) D:9
    Elf (0/3) Orc:2       Ossuary (visited)          Bailey (visited)
  Slime: Lair:4-5

Altars:
Cheibriados
Dithmenos
Fedhas
Gozag
Hepliaklqana
Kikubaaqudgha
Nemelex Xobeh
Ru
Sif Muna
Trog
Vehumet
Wu Jian
Yredelemnul
Zin
The Shining One

Shops:
D:4 *   Orc:2 (

Portals:
Abyss: D:8


Innate Abilities, Weirdness & Mutations

You have a beak for a mouth.
You have claws for feet.
Your magical nature lets you fly swiftly and evasively.
Your mind is acute. (Int +4, Str/Dex -1)
Your flesh is cold resistant. (rC+)
You are vulnerable to heat. (rF-)


Message History

You finish channelling waves of flame.
You feel very sick.
You hear a roar!
A cane toad comes into view.
You feel very sick. The black mamba closely misses you.
Casting: Flame Wave (safe; 1% risk of failure)
Confirm with . or Enter, or press ? or * to list all spells.
Casting: Flame Wave (safe; 1% risk of failure)
Press: ? - help, Dir - look around, f - activate You feel a strong surge of power!
A wave of flame ripples out!
The flame wave engulfs the cane toad!!
You kill the cane toad!
Vehumet accepts your kill.
You feel your power returning.
The flame wave engulfs the black mamba!!
You kill the black mamba!
Vehumet accepts your kill. (Press . to intensify the flame waves.)
You feel sick.
You feel sick.
You feel sick.
You feel sick.
You feel sick.
An acid dragon comes into view.
You feel sick.
You feel sick.
You feel sick.
An acid dragon is nearby!
As you read the scroll of fog, it dissolves into smoke.
You feel sick.
You are no longer poisoned.
Casting: Flame Wave (safe; 1% risk of failure)
Confirm with . or Enter, or press ? or * to list all spells.
You feel a surge of power!
Flames lash the acid dragon.
The acid dragon is moderately wounded.
The acid dragon's fire resistance burns away.
The acid dragon spits acid at you. The splash of acid hits you!!
You die...

#....##.....#### ♣.~♣
#..........### # .≈~♣
#............###
♣♣~..♣###..............
♣~....#.........#P.....
♣.~[..#.....)..........
♣♣~~.D.#...#....##......
##...~§§####.....##.....P
.....†§§@§#.#....#.#.....
......§§§###.....##......
P..#..§§§...#.....#......
. ##....................
........................
........................
.........................
.........................
.........................


You could see an acid dragon (catching breath, combustible).

Vanquished Creatures
  An orc warlord (Bailey)
  Nessos (Lair:5)
  A great orb of eyes (shapeshifter) (D:9)
  The ghost of pornopis the Blocker, a novice FoFi (D:9)
  The ghost of Hajna the Covert, a novice KoEn (D:8)
  2 skysharks
  8 orc knights
  A cyclops (Orc:1)
  The ghost of paps the Sneak, a novice OpSu (D:5)
  A toenail golem (D:8)
  4 black mambas
  6 elephants (Lair:4)
  A smoke demon (D:8)
  11 cane toads
  8 torpor snails
  11 komodo dragons
  4 trolls
  A hornet (Lair:5)
  A polar bear (Lair:5)
  4 saltlings (Orc:2)
  21 dream sheep
  5 blink frogs (Lair:4)
  A snapping turtle (Lair:2)
  2 culicivoras (Lair:2)
  7 wyverns
  A wraith (D:9)
  42 yaks
  2 basilisks
  3 steam dragons
  2 wargs (Orc:2)
  2 acid dragons (Lair:5)
  Duvessa (D:7)
  13 orc warriors
  16 water moccasins
  A small abomination (D:8)
  2 black bears
  An ice beast (D:5)
  3 sky beasts (D:7)
  7 ogres
  14 wolves
  2 centaurs (D:8)
  3 phantoms
  An elf zombie (Ossuary)
  3 kobold brigands
  11 bullfrogs
  3 gnoll sergeants
  5 scorpions
  6 wights
  Dowan (D:7)
  2 howler monkeys
  An electric eel (Lair:2)
  3 centaur zombies (Ossuary)
  A gnoll bouda (D:5)
  A human zombie (Ossuary)
  3 sleepcaps
  2 hounds (D:5)
  5 orc priests
  Terence (D:3)
  An iguana (D:4)
  9 orc wizards
  2 mummies (Ossuary)
  18 gnolls
  4 adders
  A shadow imp (D:5)
  2 white imps
  2 adder zombies (Ossuary)
  A worm (D:2)
  4 dart slugs
  45 orcs
  11 endoplasms
  A giant cockroach (D:3)
  26 goblins
  21 hobgoblins
  22 kobolds
  3 quokkas
  8 ball pythons
  8 bats
  A frilled lizard (D:2)
  4 hobgoblin zombies (Ossuary)
  2 jackal zombies (Ossuary)
  11 kobold zombies (Ossuary)
  10 orc zombies (Ossuary)
  2 rats
  3 rat zombies (Ossuary)
491 creatures vanquished.

Vanquished Creatures (collateral kills)
  22 foxfires
22 creatures vanquished.

Vanquished Creatures (others)
  2 orcs (D:6)
  1524 foxfires
1526 creatures vanquished.

Grand Total: 2039 creatures vanquished

Notes
Turn   | Place    | Note
-------+----------+-------------------------------------------
     0 | D:1      | Essalna the Tengu Fire Elementalist began the quest for the
                  | Orb.
     0 | D:1      | Reached XP level 1. HP: 10/10 MP: 4/4
   327 | D:1      | Reached XP level 2. HP: 16/16 MP: 0/6
   675 | D:1      | Reached skill level 1 in Fighting
  1351 | D:1      | Reached XP level 3. HP: 20/20 MP: 4/7
  2188 | D:2      | Reached XP level 4. HP: 26/26 MP: 4/8
  2831 | D:3      | Noticed Terence
  2836 | D:3      | Learned a level 2 spell: Scorch
  2846 | D:3      | Killed Terence
  2940 | D:3      | Found a sparkling altar of Nemelex Xobeh.
  3140 | D:3      | Identified the +3 spear of the Swamp {drain, rElec rF-
                  | Int+4}
  3240 | D:3      | Gained mutation: Your magical nature lets you fly swiftly
                  | and evasively. [Tengu growth]
  3240 | D:3      | Reached XP level 5. HP: 31/31 MP: 5/9
  3621 | D:3      | Found a faded altar of an unknown god.
  3626 | D:3      | Identified the +1 ring mail "Acilegox" {Regen+}
  3752 | D:4      | Noticed a black bear
  3759 | D:4      | Killed a black bear
  3760 | D:4      | Reached skill level 1 in Armour
  3860 | D:4      | Reached XP level 6. HP: 37/37 MP: 3/10
  3930 | D:4      | Found Vahen's General Store.
  3937 | D:4      | Bought a potion of heal wounds for 65 gold pieces
  4459 | D:4      | Reached skill level 5 in Fire Magic
  4756 | D:5      | Entered Level 5 of the Dungeon
  4766 | D:5      | Found a staircase to the Ecumenical Temple.
  4773 | D:5      | Reached XP level 7. HP: 34/41 MP: 4/11
  4773 | D:5      | Found a runed translucent gate.
  4774 | D:5      | Found a runed translucent gate.
  4775 | D:5      | Found a runed translucent gate.
  4781 | Temple   | Entered the Ecumenical Temple
  4931 | Temple   | Became a worshipper of Vehumet
  4986 | D:5      | Noticed paps's ghost (novice OpSu)
  5614 | D:5      | Reached skill level 5 in Conjurations
  5666 | D:5      | Found a shimmering blue altar of Sif Muna.
  6238 | D:6      | Reached XP level 8. HP: 48/48 MP: 6/13
  6982 | D:6      | Reached skill level 1 in Shields
  7166 | D:6      | Found a glowing golden altar of the Shining One.
  7334 | D:7      | Found a bloodstained altar of Trog.
  7339 | D:7      | Reached * piety under Vehumet
  7339 | D:7      | Offered knowledge of Freeze by Vehumet.
  7348 | D:7      | Found a faded altar of an unknown god.
  7354 | D:7      | Found a hazy altar of Hepliaklqana.
  7682 | D:8      | Reached skill level 5 in Dodging
  7682 | D:8      | Reached XP level 9. HP: 53/53 MP: 9/15
  7741 | D:8      | Reached skill level 5 in Fighting
  7971 | D:7      | Found a sand-covered staircase.
  7977 | Ossuary  | Entered an ossuary
  8376 | Ossuary  | Offered knowledge of Poisonous Vapours by Vehumet.
  8390 | Ossuary  | Reached ** piety under Vehumet
  9226 | D:7      | Reached skill level 5 in Armour
  9360 | D:7      | Offered knowledge of Frozen Ramparts by Vehumet.
  9615 | D:7      | Noticed Dowan
  9722 | D:8      | Found an ornate altar of the Wu Jian Council.
  9821 | D:7      | Noticed Duvessa
 10025 | D:7      | Reached *** piety under Vehumet
 10255 | D:7      | Killed Dowan
 10523 | D:8      | Found a transporter.
 10585 | D:8      | Noticed a smoke demon
 10596 | D:8      | Found a transporter.
 10732 | D:8      | Reached XP level 10. HP: 60/60 MP: 10/17
 10973 | D:8      | Noticed a toenail golem
 10974 | D:8      | Noticed Hajna's ghost (novice KoEn)
 11167 | D:9      | Offered knowledge of Stone Arrow by Vehumet.
 11191 | D:9      | Found a sacrificial altar of Ru.
 11217 | D:9      | Found a glowing silver altar of Zin.
 11342 | D:9      | Found a runed translucent gate.
 11345 | D:9      | Found a runed translucent gate.
 11345 | D:9      | Found an opulent altar of Gozag.
 11346 | D:9      | Found a runed translucent gate.
 11348 | D:9      | Noticed pornopis's ghost (novice FoFi)
 11392 | D:9      | Found a flagged portal.
 11400 | Bailey   | Entered a bailey
 11406 | Bailey   | Learned a level 4 spell: Flame Wave
 11411 | Bailey   | Learned a level 4 spell: Sticky Flame
 11583 | Bailey   | Reached **** piety under Vehumet
 11681 | Bailey   | Offered knowledge of Freezing Cloud by Vehumet.
 11684 | Bailey   | Reached skill level 5 in Spellcasting
 11708 | Bailey   | Noticed an orc knight
 11748 | Bailey   | Killed an orc knight
 11898 | Bailey   | Noticed an orc warlord
 11898 | Bailey   | Noticed an orc knight
 11961 | Bailey   | Killed an orc warlord
 12023 | Bailey   | Killed an orc knight
 12202 | Bailey   | Got Mastery of Spellwork
 12478 | D:9      | Learned a level 7 spell: Ozocubu's Refrigeration
 12581 | D:9      | Found a staircase to the Lair.
 12589 | D:9      | Reached XP level 11. HP: 44/66 MP: 15/20
 12733 | D:9      | Found a staircase to the Orcish Mines.
 12930 | D:9      | Reached skill level 1 in Ice Magic
 13005 | D:9      | Noticed a broodmother
 13032 | D:9      | Acquired a staff of conjuration
 13032 | D:9      | a broodmother changed into a great orb of eyes
 13032 | D:9      | Noticed a great orb of eyes (shapeshifter)
 13048 | D:9      | Gained mutation: You are vulnerable to heat. (rF-) [potion
                  | of mutation]
 13048 | D:9      | Gained mutation: Your mind is acute. (Int +4, Str/Dex -1)
                  | [potion of mutation]
 13048 | D:9      | Gained mutation: Your flesh is cold resistant. (rC+)
                  | [potion of mutation]
 13049 | D:9      | a great orb of eyes changed into an ice dragon
 13049 | D:9      | Noticed an ice dragon (shapeshifter)
 13054 | D:9      | Killed pornopis's ghost
 13058 | D:9      | an ice dragon changed into a great orb of eyes
 13058 | D:9      | Noticed a great orb of eyes (shapeshifter)
 13062 | D:9      | Paralysed by a great orb of eyes for 5 turns
 13071 | D:9      | Paralysed by a great orb of eyes for 5 turns
 13085 | D:9      | Paralysed by a great orb of eyes for 4 turns
 13090 | D:9      | Killed a great orb of eyes
 13231 | D:8      | Found a one-way gate to the infinite horrors of the Abyss.
 13240 | D:8      | Killed Hajna's ghost
 13511 | D:5      | Killed paps's ghost
 13591 | D:7      | Killed Duvessa
 13789 | Orc:1    | Entered Level 1 of the Orcish Mines
 13860 | Orc:1    | Reached ***** piety under Vehumet
 13874 | Orc:1    | Noticed a cyclops
 13896 | Orc:1    | Killed a cyclops
 13897 | Orc:1    | Reached skill level 10 in Conjurations
 14006 | Orc:1    | Offered knowledge of Irradiate by Vehumet.
 14296 | Orc:2    | Entered Level 2 of the Orcish Mines
 14296 | Orc:2    | Noticed an orc knight
 14306 | Orc:2    | Killed an orc knight
 14411 | Orc:2    | Found Inas's Weapon Shoppe.
 14478 | Orc:2    | Found a staircase to the Elven Halls.
 14512 | Orc:1    | You are sucked into a shaft and drop 1 floor!
 14528 | Orc:2    | Found a bloodstained altar of Trog.
 14682 | Orc:2    | Reached XP level 12. HP: 52/73 MP: 18/23
 14943 | Orc:2    | Noticed an orc warlord
 15739 | Orc:2    | Noticed an orc warlord
 15911 | Lair:1   | Entered Level 1 of the Lair of Beasts
 16178 | Lair:1   | Reached skill level 10 in Fire Magic
 16350 | Lair:1   | Found a snail-covered altar of Cheibriados.
 16500 | Lair:1   | Reached skill level 5 in Ice Magic
 17486 | Lair:2   | Reached XP level 13. HP: 80/80 MP: 26/26
 17661 | Lair:2   | Found a hole to the Spider Nest.
 17849 | Lair:2   | Found a staircase to the Shoals.
 18105 | Lair:3   | Offered knowledge of Starburst by Vehumet.
 18189 | Lair:3   | Learned a level 6 spell: Starburst
 18330 | Lair:3   | Identified the +10 hand axe of the Beginning {holy, Int+4}
 18374 | Lair:3   | Reached skill level 10 in Fighting
 19978 | Lair:4   | You are sucked into a shaft and drop 1 floor!
 19978 | Lair:5   | Entered Level 5 of the Lair of Beasts
 19990 | Lair:5   | Reached XP level 14. HP: 78/88 MP: 28/28
 20047 | Lair:5   | Noticed Nessos
 20085 | Lair:5   | HP: 4/90 [cane toad (14)]
 20296 | Lair:5   | Killed Nessos
 20398 | Lair:5   | Offered knowledge of Conjure Ball Lightning by Vehumet.
 20418 | Lair:5   | Reached skill level 10 in Spellcasting
 20430 | Lair:5   | Killed from afar by an acid dragon

Illustrated notes

Levels and vault maps discovered:
D:1:      dpeg_arrival_circle_labyrinth_a, layout_basic, minmay_tromino_v4_b
D:2:      layout_basic, kennysheep_generic_room_15
D:3:      layout_loops_cross, mainiacjoe_overflow_24_doors,
          hellmonk_ecumenical_altar_inner_sanctum, supply_closet_lemuel,
          amcnicky_mini_pool_small, uniq_terence
D:4:      layout_cave_pools, serial_shops, shop, small_statue_intersection
D:5:      layout_basic, tgw_sif, minmay_temple_entry_mini_moons,
          gammafunk_ghost_split, kennysheep_small_spiral, kennysheep_crisscross
D:6:      layout_rooms, mainiacjoe_overflow_paths
D:7:      wad_pebble_path, layout_rooms, bloody_trog,
          beargit_hepliaklqana_dungeon_heroes, enter_ossuary_2, kennysheep_dice,
          uniq_duvessa
D:8:      layout_layer_cave, pdpol_wu_jian_five_deadly_venoms,
          gammafunk_ghost_abyssal_escape, item_on_display_a
D:9:      corexii_shack_village, layout_basic,
          mainiacjoe_overflow_surrounded_room, mainiacjoe_overflow_tiny_flanked,
          grunt_lair_entry_orc_guard_hut, ebering_ghost_gozag, enter_bailey_5,
          small_statue_intersection, palyth_stone_intersect
Temple:   nicolae_temple_slightly_damp_pantheon
Lair:1:   layout_hall_layers, kennysheep_snail_temple, grunt_megastairs_1
Lair:2:   layout_regular_city, minmay_shoals_entry_hut,
          hellmonk_spider_entry_life_and_decay, infiniplex_staircase_pool_2,
          lemuel_fruit_tree
Lair:3:   layout_layer_cave, minmay_hedge_maze, grunt_megastairs_3
Lair:4:   layout_long_grid, dpeg_slime_entry_enclosed
Lair:5:   hangedman_lair_tendril_chambers, layout_small_grid,
          guppyfry_lair_end_dragon, st_stairs_4, uniq_nessos
Orc:1:    layout_diamond_mine, basic_altar
Orc:2:    hellmonk_orc_salted, layout_caves, serial_shops, shop, basic_altar

Skill      XL: |  1  2  3  4  5  6  7  8  9 10 11 12 13 14 |
---------------+-------------------------------------------+-----
Conjurations   | 2 3 4 5 6 7 8 10 11 12 | 12.0
Fighting       | 1 2 3 4 5 6 8 9 10 11 | 11.2
Fire Magic     | 4 5 6 7 8 9 10 12 | 12.5
Armour         | 1 2 3 4 5 6 7 |  7.0
Dodging        | 3 4 5 6 7 |  7.1
Spellcasting   | 3 4 5 6 8 9 10 | 10.0
Shields        | 1 3 4 |  4.0
Ice Magic      | 3 5 7 8 |  8.1
Stealth        | |  2.0

Action                     |  1- 3 |  4- 6 |  7- 9 | 10-12 | 13-15 || total
---------------------------+-------+-------+-------+-------+-------++-------
  Melee: Unarmed           |    11 |       |       |       |       ||    11
         Peck              |     3 |     4 |    15 |    35 |     3 ||    60
         Kick              |     2 |     9 |    26 |    65 |     4 ||   106
         Punch             |     1 |     3 |       |       |       ||     4
         Dagger            |       |    34 |    62 |   111 |       ||   207
         Staff             |       |       |       |    27 |     8 ||    35
   Cast: Foxfire           |    86 |   101 |   319 |   276 |   104 ||   886
         Scorch            |       |     3 |    72 |    48 |    39 ||   162
         Sticky Flame      |       |       |       |    27 |    14 ||    41
         Flame Wave        |       |       |       |    29 |    38 ||    67
  Evoke: Wand              |       |       |       |    17 |       ||    17
    Use: Scroll            |       |     3 |     4 |    13 |     4 ||    24
         Potion            |       |       |       |     1 |     3 ||     4
   Stab: Sleeping          |       |     1 |       |       |       ||     1
 Armour: Robe              |     6 |     6 |     7 |       |       ||    19
         Ring mail         |       |       |    36 |    68 |    37 ||   141
  Dodge: Dodged            |    16 |    22 |    94 |   144 |    67 ||   343
  Block: Buckler           |       |       |    35 |    83 |    30 ||   148

Table legend: (Time is in decaauts)
 A = Elapsed time spent in this place.
 B = Non-inter-level travel time spent in this place.
 C = Inter-level travel time spent in this place.
 D = Time resting spent in this place.
 E = Time spent auto-exploring this place.
 F = Levels seen in this place.
 G = Mean time per level.
                   A        B        C        D        E       F      G
               +--------+--------+--------+--------+--------+-----+--------+
         Total |  19594 |  18594 |   1000 |    517 |  14735 |  19 | 1031.3 |
       Dungeon |  11355 |  10502 |    853 |    404 |   8407 |   9 | 1261.7 |
        Temple |    161 |    143 |     18 |      0 |    121 |   1 |  161.0 |
          Lair |   4281 |   4246 |     35 |      0 |   3435 |   5 |  856.2 |
  Orcish Mines |   2000 |   1907 |     93 |    113 |   1478 |   2 | 1000.0 |
       Ossuary |    999 |    999 |      0 |      0 |    808 |   1 |  999.0 |
        Bailey |    797 |    797 |      0 |      0 |    483 |   1 |  797.0 |
               +--------+--------+--------+--------+--------+-----+--------+

Top non-repeatable levels by time:
     D:8: 1631 daAuts
     D:1: 1626 daAuts
     D:5: 1609 daAuts
     D:7: 1354 daAuts
  Lair:3: 1306 daAuts
     D:9: 1266 daAuts
  Lair:1: 1174 daAuts
     D:4: 1146 daAuts
     D:2: 1141 daAuts
   Orc:1: 1001 daAuts
 Ossuary: 999 daAuts
   Orc:2: 998 daAuts
     D:3: 915 daAuts
  Lair:2: 831 daAuts
  Bailey: 797 daAuts
